Thunder vs Atomiques
Created - 17 février 2013 at 00:32
Goals
|
| Thunder |
2 |
4 |
3 |
9 |
| Atomiques |
1 |
1 |
3 |
5 |
|
Shots
|
| Thunder |
10 |
13 |
11 |
34 |
| Atomiques |
16 |
17 |
10 |
43 |
|
1st period
1. Thunder , Dany Roussin 5 (Pierre-Alexandre Parenteau, Jerred Smithson) at 6:43
2. Atomiques , John Zeiler 25 (Brendon Nash) at 15:22
3. Thunder , Samuel Pahlsson 26 (Ryan Hollweg) at 17:02
Penalties :
Chris Clark (STB) for Interference (Minor) at 13:08, Brandon Dubinsky (TRO) for Holding Stick (Minor) at 13:08
2nd period
4. Thunder , Pierre-Alexandre Parenteau 14 (Dany Roussin, Jerred Smithson) at 8:39
5. Thunder , Dany Roussin 6 (Pierre-Alexandre Parenteau, Doug Janik) at 9:37
6. Thunder , Ryan Hollweg 26 (Samuel Pahlsson, Doug Janik) at 11:12
7. Thunder , Jerred Smithson 2 (Pierre-Alexandre Parenteau) at 13:51
8. Atomiques , Boyd Gordon 19 (Andy Greene) at 16:20
Penalties :
Kevin Montgomery (TRO) for Roughing (Minor) at 11:32
3rd period
9. Thunder , Ray Macias 1 (Scott Parse, Brandon Mashinter) at 2:41
10. Thunder , Brandon Dubinsky 17 (Adam Hall) at 5:41
11. Atomiques , T.J. Oshie 12 (Mattias Ohlund) at 7:08 (PP)
12. Atomiques , Jordan Staal 8 (Daniel Carcillo, Wes O'Neill) at 9:10
13. Atomiques , James Van Riemsdyk 10 (Wes O'Neill, Boyd Gordon) at 9:16
14. Thunder , Dany Roussin 7 (Pierre-Alexandre Parenteau, Ray Macias) at 18:58
Penalties :
Ray Macias (TRO) for Hooking (Minor) at 6:42, James Van Riemsdyk (STB) for Checking from behind (Major) at 10:35, Brendon Nash (STB) for Tripping (Minor) at 14:38
Goalie Stats
Ben Bishop (TRO), 38 saves from 43 shots - (0,884), W, 6-7-0, 60:00 minutes
Mike Brodeur (STB), 16 saves from 21 shots - (0,762), 43:56 minutes
Jeremy Smith (STB), 9 saves from 13 shots - (0,692), L, 1-2-0, 16:04 minutes
Players Stats for Thunder
Player Name G A P +/- PIM S H SB GA TA FO MP PP MP PK MP
------------------------------------------------------------------------------------
Adam Hall 0 1 1 0 0 0 1 0 0 0 1/2 15:47 2:20 0:00
Alexei Semenov 0 0 0 0 0 0 0 1 0 0 0/0 9:47 0:00 0:00
Andreas Engqvist 0 0 0 0 0 0 0 0 0 0 0/0 0:00 0:00 0:00
Brandon Dubinsky 1 0 1 -1 2 3 0 0 1 1 4/9 17:01 2:23 0:57
Brandon Mashinter 0 1 1 1 0 0 1 0 0 0 1/3 8:17 0:00 0:00
Colton Gillies 0 0 0 0 0 0 0 0 0 0 0/0 0:00 0:00 0:00
Daniel Winnik 0 0 0 0 0 0 0 0 0 0 0/0 1:02 0:44 0:18
Dany Roussin 3 1 4 3 0 6 2 0 0 0 0/0 12:26 0:55 0:00
Derek Peltier 0 0 0 0 0 0 0 0 0 0 0/0 4:40 1:59 0:41
Doug Janik 0 2 2 1 0 2 0 1 0 3 0/0 29:00 3:03 1:40
Ivan Novoseltsev 0 0 0 0 0 1 1 0 2 1 3/5 20:39 2:40 0:21
Jason Chimera 0 0 0 0 0 1 0 0 0 0 0/0 15:47 2:20 0:00
Jeff Finger 0 0 0 3 0 0 1 0 1 1 0/0 22:43 2:25 1:18
Jerred Smithson 1 2 3 4 0 2 0 0 0 0 3/5 10:41 0:00 0:00
Joey Ryan 0 0 0 1 0 0 0 0 0 0 0/0 0:05 0:00 0:00
Kevin Montgomery 0 0 0 0 2 0 2 0 0 0 0/0 12:12 0:00 0:26
Phil Kessel 0 0 0 0 0 0 0 0 0 0 0/0 0:00 0:00 0:00
Pierre-Alexandre Parente 1 4 5 4 0 4 1 1 0 0 0/0 12:12 1:00 0:00
Ray Macias 1 1 2 4 2 2 0 0 1 1 0/0 19:48 2:10 0:45
Robin Leblanc 0 0 0 1 0 3 0 1 0 0 0/0 8:46 0:29 0:00
Ryan Hollweg 1 1 2 1 0 3 1 0 0 0 3/4 21:37 2:36 1:14
Samuel Pahlsson 1 1 2 1 0 3 0 1 1 0 20/33 22:03 2:39 1:31
Scott Jackson 0 0 0 1 0 2 1 1 0 2 0/0 21:49 2:27 0:00
Scott Parse 0 1 1 1 0 2 2 0 0 0 0/0 9:11 0:00 0:29
Tom Pyatt 0 0 0 0 0 0 0 0 0 0 0/0 0:00 0:00 0:00
Players Stats for Atomiques
Player Name G A P +/- PIM S H SB GA TA FO MP PP MP PK MP
------------------------------------------------------------------------------------
Adam Pardy 0 0 0 0 0 0 1 0 0 0 0/0 19:33 0:58 2:27
Andy Greene 0 1 1 -2 0 3 0 0 0 0 0/0 14:29 0:00 2:30
Boyd Gordon 1 1 2 -1 0 3 1 0 0 0 6/15 17:46 0:58 2:24
Brendon Nash 0 1 1 0 2 1 0 1 0 1 0/0 18:15 0:58 0:52
Brett Sutter 0 0 0 -2 0 1 1 0 1 1 2/5 8:18 0:00 1:11
Carl Hagelin 0 0 0 -2 0 0 0 0 0 0 0/1 7:07 0:00 0:00
Chris Clark 0 0 0 0 2 1 4 1 2 0 0/1 20:40 1:18 1:13
Daniel Carcillo 0 1 1 0 0 9 1 2 2 1 2/4 22:33 1:24 1:55
Denis Hamel 0 0 0 -2 0 2 1 0 0 0 0/0 11:12 0:00 0:22
James Van Riemsdyk 1 0 1 -1 5 2 0 0 1 0 0/0 15:14 0:58 0:18
John Zeiler 1 0 1 -2 0 4 3 1 0 0 0/0 13:25 0:09 2:21
Jordan Staal 1 0 1 0 0 3 1 0 1 0 15/33 20:22 1:18 0:20
Kyle Turris 0 0 0 -2 0 0 0 1 0 0 1/2 11:54 0:00 1:04
Mattias Ohlund 0 1 1 -3 0 7 3 0 1 1 0/0 27:38 1:27 3:00
Nick Johnson 0 0 0 -2 0 2 0 0 1 0 0/0 7:45 0:12 0:00
Shawn Belle 0 0 0 -2 0 0 1 1 0 1 0/0 12:28 0:00 0:14
T.J. Oshie 1 0 1 -1 0 5 0 0 0 0 0/0 14:43 0:58 0:00
Wes O'Neill 0 2 2 -3 0 0 0 1 0 1 0/0 27:38 1:27 3:00
3 Stars
1 - Dany Roussin (TRO)
2 - Pierre-Alexandre Parenteau (TRO)
3 - Jerred Smithson (TRO)
Power Play
Thunder - 0 on 2 Attempt(s) - 0,00%
Atomiques - 1 on 2 Attempt(s) - 50,00%
Penalty Kill
Thunder - 1 on 2 Attempt(s) - 50,00%
- Score 0 goal in Penalty Kill
Atomiques - 2 on 2 Attempt(s) - 100,00%
- Score 0 goal in Penalty Kill
Official
Referees : Furlatt Eric and Leggo Mike
Linesman : Brad Lazarowich and Scott Driscoll
Game Notes
Alexei Semenov is injured at 0:12 of 2nd period (Bruised Right Foot)
Jeremy Smith enters game at 9:37 of 2nd period
Mike Brodeur enters game at 5:41 of 3rd period
Dany Roussin has scored a Hat Trick!
Thunder
5 vs 5 Forward
Center Left Wing Right Wing Time % Phy DF OF
1 Samuel Pahlsson Ryan Hollweg Ivan Novoseltsev 40 1 2 2
2 Brandon Dubinsky Jason Chimera Adam Hall 30 1 2 2
3 Jerred Smithson Dany Roussin Pierre-Alexandre Parentea20 1 2 2
4 Brandon Mashinter Scott Parse Robin Leblanc 10 1 2 2
5 vs 5 Defense
Defense Defense Time % Phy DF OF
1 Alexei Semenov Doug Janik 40 1 2 2
2 Jeff Finger Ray Macias 30 1 2 2
3 Scott Jackson Kevin Montgomery 20 1 2 2
4 Alexei Semenov Doug Janik 10 1 2 2
PowerPlay Forward
Center Left Wing Right Wing Time % Phy DF OF
1 Samuel Pahlsson Ryan Hollweg Ivan Novoseltsev 60 1 2 2
2 Brandon Dubinsky Jason Chimera Adam Hall 40 1 2 2
PowerPlay Defense
Defense Defense Time % Phy DF OF
1 Alexei Semenov Doug Janik 60 1 2 2
2 Jeff Finger Ray Macias 40 1 2 2
Penalty Kill 4 Players Forward
Center Wing Time % Phy DF OF
1 Ryan Hollweg Samuel Pahlsson 60 1 2 2
2 Brandon Dubinsky Ivan Novoseltsev 40 1 2 2
Penalty Kill 4 Players Defense
Defense Defense Time % Phy DF OF
1 Alexei Semenov Doug Janik 60 1 2 2
2 Jeff Finger Ray Macias 40 1 2 2
Penalty Kill - 3 Players Forward
Forward Time % Phy DF OF
1 Ryan Hollweg 60 1 2 2
2 Samuel Pahlsson 40 1 2 2
Penalty Kill - 3 Players Defense
Defense Defense Time % Phy DF OF
1 Alexei Semenov Doug Janik 60 1 2 2
2 Jeff Finger Ray Macias 40 1 2 2
4 vs 4 Forward
Center Wing Time % Phy DF OF
1 Ryan Hollweg Samuel Pahlsson 60 1 2 2
2 Brandon Dubinsky Ivan Novoseltsev 40 1 2 2
4 vs 4 Defense
Defense Defense Time % Phy DF OF
1 Alexei Semenov Doug Janik 60 1 2 2
2 Jeff Finger Ray Macias 40 1 2 2
Last Minutes Offensive
Center Left Wing Right Wing Defense Defense
Samuel Pahlsson Ryan Hollweg Ivan Novoseltsev Alexei Semenov Doug Janik
Last Minutes Defensive
Center Left Wing Right Wing Defense Defense
Samuel Pahlsson Ryan Hollweg Ivan Novoseltsev Alexei Semenov Doug Janik
Goaltenders
Starting : Ben Bishop
Backup : Semyon Varlamov
Extra Forwards
Normal : Dany Roussin, Pierre-Alexandre Parenteau, Scott Parse - PP : Dany Roussin, Pierre-Alexandre Parenteau - PK : Scott Parse
Extra Defensemen
Normal : Scott Jackson, Kevin Montgomery, Jeff Finger - PP : Scott Jackson - PK : Kevin Montgomery, Jeff Finger
Penalty Shots
Ryan Hollweg, Samuel Pahlsson, Brandon Dubinsky, Ivan Novoseltsev, Adam Hall
Atomiques
5 vs 5 Forward
Center Left Wing Right Wing Time % Phy DF OF
1 Jordan Staal Daniel Carcillo Chris Clark 40 1 2 2
2 Boyd Gordon James Van Riemsdyk T.J. Oshie 30 1 2 2
3 Kyle Turris Denis Hamel John Zeiler 20 1 2 2
4 Brett Sutter Carl Hagelin Nick Johnson 10 1 2 2
5 vs 5 Defense
Defense Defense Time % Phy DF OF
1 Mattias Ohlund Wes O'Neill 40 1 2 2
2 Adam Pardy Brendon Nash 30 1 2 2
3 Shawn Belle Andy Greene 20 1 2 2
4 Mattias Ohlund Wes O'Neill 10 1 2 2
PowerPlay Forward
Center Left Wing Right Wing Time % Phy DF OF
1 Jordan Staal Daniel Carcillo Chris Clark 60 1 2 2
2 Boyd Gordon James Van Riemsdyk T.J. Oshie 40 1 2 2
PowerPlay Defense
Defense Defense Time % Phy DF OF
1 Mattias Ohlund Wes O'Neill 60 1 2 2
2 Adam Pardy Brendon Nash 40 1 2 2
Penalty Kill 4 Players Forward
Center Wing Time % Phy DF OF
1 Boyd Gordon John Zeiler 60 1 2 2
2 Kyle Turris Chris Clark 40 1 2 2
Penalty Kill 4 Players Defense
Defense Defense Time % Phy DF OF
1 Mattias Ohlund Wes O'Neill 60 1 2 2
2 Adam Pardy Andy Greene 40 1 2 2
Penalty Kill - 3 Players Forward
Forward Time % Phy DF OF
1 Daniel Carcillo 60 1 2 2
2 Chris Clark 40 1 2 2
Penalty Kill - 3 Players Defense
Defense Defense Time % Phy DF OF
1 Mattias Ohlund Wes O'Neill 60 1 2 2
2 Adam Pardy Andy Greene 40 1 2 2
4 vs 4 Forward
Center Wing Time % Phy DF OF
1 Boyd Gordon Daniel Carcillo 60 1 2 2
2 Jordan Staal James Van Riemsdyk 40 1 2 2
4 vs 4 Defense
Defense Defense Time % Phy DF OF
1 Mattias Ohlund Wes O'Neill 60 1 2 2
2 Adam Pardy Brendon Nash 40 1 2 2
Last Minutes Offensive
Center Left Wing Right Wing Defense Defense
Jordan Staal Daniel Carcillo Chris Clark Mattias Ohlund Wes O'Neill
Last Minutes Defensive
Center Left Wing Right Wing Defense Defense
Jordan Staal Daniel Carcillo Chris Clark Mattias Ohlund Wes O'Neill
Goaltenders
Starting : Mike Brodeur
Backup : Jeremy Smith
Extra Forwards
Normal : T.J. Oshie, Nick Johnson, James Van Riemsdyk - PP : T.J. Oshie, Nick Johnson - PK : James Van Riemsdyk
Extra Defensemen
Normal : Shawn Belle, Brendon Nash, Adam Pardy - PP : Shawn Belle - PK : Brendon Nash, Adam Pardy
Penalty Shots
Daniel Carcillo, Chris Clark, Jordan Staal, Boyd Gordon, Denis Hamel
% Time on Ice - Thunder
Lines # - Real PCT - Wanted PCT - Time Play
Normal Forward
1 - 34% - 40% - 16:54
2 - 28% - 30% - 13:42
3 - 22% - 20% - 10:41
4 - 17% - 10% - 8:17
Normal Defense
1 - 42% - 40% - 20:45
2 - 32% - 30% - 15:45
3 - 18% - 20% - 9:06
4 - 8% - 10% - 3:58
PP Forward
1 - 57% - 60% - 3:28
2 - 43% - 40% - 2:34
PP Defense
1 - 73% - 60% - 4:24
2 - 27% - 40% - 1:38
PK Forward
1 - 86% - 60% - 2:04
2 - 14% - 40% - 0:21
PK Defense
1 - 73% - 60% - 1:46
2 - 27% - 40% - 0:39
PK3 Forward
1 - 0% - 60%
2 - 0% - 40%
PK3 Defense
1 - 0% - 60%
2 - 0% - 40%
44 Forward
1 - 71% - 60% - 1:24
2 - 29% - 40% - 0:35
44 Defense
1 - 63% - 60% - 1:15
2 - 37% - 40% - 0:44
Last Minute Offensive - 0:00
Last Minute Defensive - 0:00
Total
Forward - 60:00
Defense - 60:00
|
% Time on Ice - Atomiques
Lines # - Real PCT - Wanted PCT - Time Play
Normal Forward
1 - 37% - 40% - 18:14
2 - 27% - 30% - 13:23
3 - 22% - 20% - 10:50
4 - 14% - 10% - 7:07
Normal Defense
1 - 39% - 40% - 19:05
2 - 31% - 30% - 15:27
3 - 24% - 20% - 11:59
4 - 6% - 10% - 3:03
PP Forward
1 - 60% - 60% - 1:27
2 - 40% - 40% - 0:58
PP Defense
1 - 60% - 60% - 1:27
2 - 40% - 40% - 0:58
PK Forward
1 - 79% - 60% - 4:02
2 - 21% - 40% - 1:04
PK Defense
1 - 57% - 60% - 2:54
2 - 43% - 40% - 2:12
PK3 Forward
1 - 84% - 60% - 0:47
2 - 16% - 40% - 0:09
PK3 Defense
1 - 68% - 60% - 0:38
2 - 32% - 40% - 0:18
44 Forward
1 - 71% - 60% - 1:25
2 - 29% - 40% - 0:34
44 Defense
1 - 53% - 60% - 1:03
2 - 47% - 40% - 0:56
Last Minute Offensive - 0:00
Last Minute Defensive - 0:00
Total
Forward - 60:00
Defense - 60:00
|
Play by Play
1st period
0:01 of 1st period - Jordan Staal wins face-off versus Samuel Pahlsson in neutral zone.
0:56 of 1st period - Snap shot by Denis Hamel.
0:56 of 1st period - Shot Misses the Net.
1:54 of 1st period - Brandon Dubinsky is hit by Boyd Gordon and loses puck.
2:07 of 1st period - Shawn Belle is hit by Scott Parse and loses puck.
3:03 of 1st period - Icing by Brendon Nash.
3:04 of 1st period - Adam Hall wins face-off versus Carl Hagelin in Atomiques zone.
3:05 of 1st period - Snap shot by Brandon Dubinsky.
3:05 of 1st period - Stopped by Mike Brodeur with a rebound.
3:13 of 1st period - Wrist shot by Brandon Dubinsky.
3:13 of 1st period - Shot Misses the Net.
3:39 of 1st period - Slapshot by Boyd Gordon.
3:39 of 1st period - Stopped by Ben Bishop without a rebound.
3:40 of 1st period - Brandon Dubinsky wins face-off versus Jordan Staal in Thunder zone.
3:40 of 1st period - Brandon Dubinsky is hit by Mattias Ohlund.
3:55 of 1st period - Slapshot by Mattias Ohlund.
3:55 of 1st period - Stopped by Ben Bishop with a rebound.
4:45 of 1st period - Snap shot by Denis Hamel.
4:45 of 1st period - Shot Misses the Net.
4:47 of 1st period - Snap shot by John Zeiler.
4:47 of 1st period - Stopped by Ben Bishop with a rebound.
4:49 of 1st period - Snap shot by John Zeiler.
4:49 of 1st period - Stopped by Ben Bishop with a rebound.
4:51 of 1st period - Snap shot by Denis Hamel.
4:51 of 1st period - Stopped by Ben Bishop with a rebound.
4:53 of 1st period - Slapshot by Andy Greene.
4:53 of 1st period - Stopped by Ben Bishop with a rebound.
5:12 of 1st period - Snap shot by John Zeiler.
5:12 of 1st period - Stopped by Ben Bishop without a rebound.
5:13 of 1st period - Jordan Staal wins face-off versus Samuel Pahlsson in Thunder zone.
5:49 of 1st period - Snap shot by Dany Roussin.
5:49 of 1st period - Shot Misses the Net.
5:51 of 1st period - Slapshot by Scott Jackson.
5:51 of 1st period - Shot Misses the Net.
5:53 of 1st period - Slapshot by Jerred Smithson.
5:53 of 1st period - Stopped by Mike Brodeur without a rebound.
5:54 of 1st period - Brandon Mashinter wins face-off versus Boyd Gordon in Atomiques zone.
6:25 of 1st period - Samuel Pahlsson is hit by Daniel Carcillo and loses puck.
6:37 of 1st period - Icing by Daniel Carcillo.
6:38 of 1st period - Jerred Smithson wins face-off versus Brett Sutter in Atomiques zone.
6:39 of 1st period - Snap shot by Dany Roussin.
6:39 of 1st period - Stopped by Mike Brodeur without a rebound.
6:40 of 1st period - Jerred Smithson wins face-off versus Brett Sutter in Atomiques zone.
6:43 of 1st period - Slapshot by Pierre-Alexandre Parenteau.
6:43 of 1st period - Deflect By Dany Roussin.
6:43 of 1st period - Goal by Dany Roussin - Thunder : 1 - Atomiques : 0.
6:44 of 1st period - Samuel Pahlsson wins face-off versus Boyd Gordon in neutral zone.
7:36 of 1st period - Backhand shot by Scott Parse.
7:36 of 1st period - Deflect By Robin Leblanc.
7:36 of 1st period - Stopped by Mike Brodeur without a rebound.
7:37 of 1st period - Ryan Hollweg wins face-off versus Jordan Staal in Atomiques zone.
7:38 of 1st period - Slapshot by Samuel Pahlsson.
7:38 of 1st period - Stopped by Mike Brodeur without a rebound.
7:39 of 1st period - Jordan Staal wins face-off versus Ivan Novoseltsev in Atomiques zone.
7:39 of 1st period - Jordan Staal is hit by Jeff Finger.
7:55 of 1st period - Snap shot by Chris Clark.
7:55 of 1st period - Stopped by Ben Bishop with a rebound.
8:17 of 1st period - Snap shot by Adam Hall.
8:17 of 1st period - Shot Blocked by Brendon Nash.
9:16 of 1st period - Slapshot by Denis Hamel.
9:16 of 1st period - Stopped by Ben Bishop without a rebound.
9:17 of 1st period - Ryan Hollweg wins face-off versus Kyle Turris in Thunder zone.
9:44 of 1st period - Snap shot by Boyd Gordon.
9:44 of 1st period - Deflect By Jeff Finger.
9:44 of 1st period - Stopped by Ben Bishop with a rebound.
10:20 of 1st period - Icing by Jordan Staal.
10:21 of 1st period - Brett Sutter wins face-off versus Brandon Mashinter in Atomiques zone.
10:34 of 1st period - Slapshot by Andy Greene.
10:34 of 1st period - Deflect By Scott Jackson.
10:34 of 1st period - Stopped by Ben Bishop with a rebound.
10:36 of 1st period - Slapshot by Shawn Belle.
10:36 of 1st period - Shot Blocked by Robin Leblanc.
11:07 of 1st period - Snap shot by Jason Chimera.
11:07 of 1st period - Stopped by Mike Brodeur without a rebound.
11:08 of 1st period - Brandon Dubinsky wins face-off versus Jordan Staal in Atomiques zone.
11:09 of 1st period - Snap shot by Jason Chimera.
11:09 of 1st period - Shot Blocked by Daniel Carcillo.
11:35 of 1st period - Wrist shot by Daniel Carcillo.
11:35 of 1st period - Stopped by Ben Bishop with a rebound.
11:37 of 1st period - Slapshot by Daniel Carcillo.
11:37 of 1st period - Stopped by Ben Bishop with a rebound.
11:41 of 1st period - Slapshot by Daniel Carcillo.
11:41 of 1st period - Deflect By Jordan Staal.
11:41 of 1st period - Stopped by Ben Bishop with a rebound.
11:43 of 1st period - Wrist shot by Chris Clark.
11:43 of 1st period - Deflect By Adam Hall.
11:43 of 1st period - Shot Blocked by Doug Janik.
11:43 of 1st period - Puck is out of play.
11:44 of 1st period - Samuel Pahlsson wins face-off versus Boyd Gordon in Thunder zone.
11:49 of 1st period - Snap shot by Ivan Novoseltsev.
11:49 of 1st period - Deflect By Ryan Hollweg.
11:49 of 1st period - Stopped by Mike Brodeur with a rebound.
11:57 of 1st period - Snap shot by T.J. Oshie.
11:57 of 1st period - Stopped by Ben Bishop with a rebound.
11:59 of 1st period - Slapshot by Wes O'Neill.
11:59 of 1st period - Shot Blocked by Samuel Pahlsson.
12:50 of 1st period - Off-side.
12:51 of 1st period - Daniel Carcillo wins face-off versus Brandon Dubinsky in neutral zone.
12:54 of 1st period - Alexei Semenov is hit by Shawn Belle and loses puck.
13:08 of 1st period - Minor Penalty to Chris Clark for Interference.
13:08 of 1st period - Minor Penalty to Brandon Dubinsky for Holding Stick.
13:09 of 1st period - Boyd Gordon wins face-off versus Samuel Pahlsson in Atomiques zone.
13:49 of 1st period - Adam Pardy is hit by Dany Roussin and loses puck.
14:30 of 1st period - Backhand shot by Scott Parse.
14:30 of 1st period - Deflect By Pierre-Alexandre Parenteau.
14:30 of 1st period - Stopped by Mike Brodeur with a rebound.
15:08 of 1st period - Penalty to Chris Clark is over, Chris Clark is back on ice.
15:08 of 1st period - Penalty to Brandon Dubinsky is over, Brandon Dubinsky is back on ice.
15:22 of 1st period - Snap shot by John Zeiler.
15:22 of 1st period - Goal by John Zeiler - Thunder : 1 - Atomiques : 1.
15:23 of 1st period - Samuel Pahlsson wins face-off versus Boyd Gordon in neutral zone.
16:05 of 1st period - Slapshot by Dany Roussin.
16:05 of 1st period - Deflect By Pierre-Alexandre Parenteau.
16:05 of 1st period - Shot Misses the Net.
16:05 of 1st period - Puck is out of play.
16:06 of 1st period - Kyle Turris wins face-off versus Adam Hall in Atomiques zone.
16:06 of 1st period - Kyle Turris is hit by Adam Hall.
16:40 of 1st period - Wrist shot by Dany Roussin.
16:40 of 1st period - Shot Misses the Net.
17:02 of 1st period - Slapshot by Samuel Pahlsson.
17:02 of 1st period - Goal by Samuel Pahlsson - Thunder : 2 - Atomiques : 1.
17:03 of 1st period - Boyd Gordon wins face-off versus Samuel Pahlsson in neutral zone.
17:28 of 1st period - Alexei Semenov is hit by Chris Clark and loses puck.
17:37 of 1st period - Slapshot by Jason Chimera.
17:37 of 1st period - Shot Misses the Net.
17:54 of 1st period - Wes O'Neill is hit by Pierre-Alexandre Parenteau and loses puck.
2nd period
0:01 of 2nd period - Ivan Novoseltsev wins face-off versus Jordan Staal in neutral zone.
0:04 of 2nd period - Slapshot by Samuel Pahlsson.
0:04 of 2nd period - Stopped by Mike Brodeur without a rebound.
0:05 of 2nd period - Jordan Staal wins face-off versus Samuel Pahlsson in Atomiques zone.
0:12 of 2nd period - Slapshot by Mattias Ohlund.
0:12 of 2nd period - Shot Blocked by Alexei Semenov.
0:12 of 2nd period - Alexei Semenov from Thunder is injured at 0:12 of 2nd period (Bruised Right Foot).
0:13 of 2nd period - Samuel Pahlsson wins face-off versus Jordan Staal in Thunder zone.
0:17 of 2nd period - Mattias Ohlund is hit by Ryan Hollweg and loses puck.
0:20 of 2nd period - Snap shot by Daniel Carcillo.
0:20 of 2nd period - Stopped by Ben Bishop without a rebound.
0:21 of 2nd period - Samuel Pahlsson wins face-off versus Jordan Staal in Thunder zone.
0:21 of 2nd period - Samuel Pahlsson is hit by Mattias Ohlund.
0:57 of 2nd period - Snap shot by Daniel Carcillo.
0:57 of 2nd period - Stopped by Ben Bishop with a rebound.
0:59 of 2nd period - Slapshot by Mattias Ohlund.
0:59 of 2nd period - Stopped by Ben Bishop without a rebound.
1:00 of 2nd period - Brandon Dubinsky wins face-off versus Boyd Gordon in Thunder zone.
1:54 of 2nd period - Snap shot by Scott Parse.
1:54 of 2nd period - Stopped by Mike Brodeur with a rebound.
2:00 of 2nd period - Snap shot by Nick Johnson.
2:00 of 2nd period - Stopped by Ben Bishop without a rebound.
2:01 of 2nd period - Samuel Pahlsson wins face-off versus Boyd Gordon in Thunder zone.
2:37 of 2nd period - Off-side.
2:38 of 2nd period - Boyd Gordon wins face-off versus Samuel Pahlsson in neutral zone.
2:41 of 2nd period - Slapshot by Mattias Ohlund.
2:41 of 2nd period - Stopped by Ben Bishop with a rebound.
2:43 of 2nd period - Slapshot by Mattias Ohlund.
2:43 of 2nd period - Stopped by Ben Bishop with a rebound.
2:45 of 2nd period - Snap shot by T.J. Oshie.
2:45 of 2nd period - Shot Hit the Post.
3:38 of 2nd period - Wrist shot by Dany Roussin.
3:38 of 2nd period - Stopped by Mike Brodeur with a rebound.
3:40 of 2nd period - Slapshot by Ray Macias.
3:40 of 2nd period - Stopped by Mike Brodeur with a rebound.
4:11 of 2nd period - Off-side.
4:12 of 2nd period - Samuel Pahlsson wins face-off versus Jordan Staal in neutral zone.
4:45 of 2nd period - Wrist shot by Daniel Carcillo.
4:45 of 2nd period - Stopped by Ben Bishop without a rebound.
4:46 of 2nd period - Boyd Gordon wins face-off versus Samuel Pahlsson in Thunder zone.
6:02 of 2nd period - Backhand shot by Daniel Carcillo.
6:02 of 2nd period - Shot Misses the Net.
6:04 of 2nd period - Snap shot by Jordan Staal.
6:04 of 2nd period - Stopped by Ben Bishop with a rebound.
6:42 of 2nd period - Wrist shot by Jason Chimera.
6:42 of 2nd period - Shot Blocked by Kyle Turris.
6:44 of 2nd period - Snap shot by Adam Hall.
6:44 of 2nd period - Shot Blocked by John Zeiler.
7:02 of 2nd period - Wrist shot by Dany Roussin.
7:02 of 2nd period - Shot Misses the Net.
7:04 of 2nd period - Slapshot by Scott Jackson.
7:04 of 2nd period - Shot Misses the Net.
7:06 of 2nd period - Wrist shot by Pierre-Alexandre Parenteau.
7:06 of 2nd period - Shot Misses the Net.
7:08 of 2nd period - Slapshot by Dany Roussin.
7:08 of 2nd period - Stopped by Mike Brodeur with a rebound.
7:20 of 2nd period - Brett Sutter is hit by Kevin Montgomery.
7:24 of 2nd period - Adam Pardy is hit by Brandon Mashinter.
7:36 of 2nd period - Brendon Nash is hit by Scott Jackson and loses puck.
8:07 of 2nd period - Brandon Dubinsky is hit by John Zeiler.
8:20 of 2nd period - Ray Macias is hit by Denis Hamel and loses puck.
8:35 of 2nd period - Snap shot by Pierre-Alexandre Parenteau.
8:35 of 2nd period - Stopped by Mike Brodeur with a rebound.
8:37 of 2nd period - Snap shot by Jerred Smithson.
8:37 of 2nd period - Shot Blocked by Daniel Carcillo.
8:39 of 2nd period - Wrist shot by Dany Roussin.
8:39 of 2nd period - Deflect By Pierre-Alexandre Parenteau.
8:39 of 2nd period - Goal by Pierre-Alexandre Parenteau - Thunder : 3 - Atomiques : 1.
8:40 of 2nd period - Ivan Novoseltsev wins face-off versus Jordan Staal in neutral zone.
9:37 of 2nd period - Wrist shot by Dany Roussin.
9:37 of 2nd period - Goal by Dany Roussin - Thunder : 4 - Atomiques : 1.
9:37 of 2nd period - Jeremy Smith enters game.
9:38 of 2nd period - Jordan Staal wins face-off versus Ivan Novoseltsev in neutral zone.
10:52 of 2nd period - Wrist shot by Nick Johnson.
10:52 of 2nd period - Shot Misses the Net.
11:12 of 2nd period - Slapshot by Ryan Hollweg.
11:12 of 2nd period - Goal by Ryan Hollweg - Thunder : 5 - Atomiques : 1.
11:13 of 2nd period - Samuel Pahlsson wins face-off versus Jordan Staal in neutral zone.
11:20 of 2nd period - Slapshot by Daniel Carcillo.
11:20 of 2nd period - Shot Misses the Net.
11:22 of 2nd period - Slapshot by Mattias Ohlund.
11:22 of 2nd period - Stopped by Ben Bishop without a rebound.
11:23 of 2nd period - Jordan Staal wins face-off versus Samuel Pahlsson in Thunder zone.
11:24 of 2nd period - Wrist shot by Mattias Ohlund.
11:24 of 2nd period - Shot Misses the Net.
11:26 of 2nd period - Wrist shot by Daniel Carcillo.
11:26 of 2nd period - Stopped by Ben Bishop with a rebound.
11:30 of 2nd period - Snap shot by Daniel Carcillo.
11:30 of 2nd period - Stopped by Ben Bishop without a rebound.
11:31 of 2nd period - Samuel Pahlsson wins face-off versus Jordan Staal in Thunder zone.
11:31 of 2nd period - Samuel Pahlsson is hit by Mattias Ohlund.
11:32 of 2nd period - Minor Penalty to Kevin Montgomery for Roughing.
11:33 of 2nd period - Ryan Hollweg wins face-off versus Jordan Staal in Thunder zone.
13:32 of 2nd period - Penalty to Kevin Montgomery is over, Kevin Montgomery is back on ice.
13:45 of 2nd period - Snap shot by Pierre-Alexandre Parenteau.
13:45 of 2nd period - Stopped by Jeremy Smith with a rebound.
13:47 of 2nd period - Slapshot by Scott Jackson.
13:47 of 2nd period - Deflect By Pierre-Alexandre Parenteau.
13:47 of 2nd period - Shot Misses the Net.
13:47 of 2nd period - Puck is out of play.
13:48 of 2nd period - Jerred Smithson wins face-off versus Brett Sutter in Atomiques zone.
13:49 of 2nd period - Slapshot by Pierre-Alexandre Parenteau.
13:49 of 2nd period - Shot Blocked by Shawn Belle.
13:51 of 2nd period - Wrist shot by Jerred Smithson.
13:51 of 2nd period - Goal by Jerred Smithson - Thunder : 6 - Atomiques : 1.
13:52 of 2nd period - Samuel Pahlsson wins face-off versus Chris Clark in neutral zone.
14:24 of 2nd period - Off-side.
14:25 of 2nd period - Jordan Staal wins face-off versus Brandon Dubinsky in neutral zone.
14:30 of 2nd period - Snap shot by Chris Clark.
14:30 of 2nd period - Shot Misses the Net.
15:01 of 2nd period - Snap shot by T.J. Oshie.
15:01 of 2nd period - Stopped by Ben Bishop with a rebound.
15:41 of 2nd period - Slapshot by Scott Jackson.
15:41 of 2nd period - Stopped by Jeremy Smith with a rebound.
15:43 of 2nd period - Snap shot by Scott Parse.
15:43 of 2nd period - Stopped by Jeremy Smith with a rebound.
15:45 of 2nd period - Slapshot by Doug Janik.
15:45 of 2nd period - Shot Misses the Net.
16:20 of 2nd period - Snap shot by Boyd Gordon.
16:20 of 2nd period - Goal by Boyd Gordon - Thunder : 6 - Atomiques : 2.
16:21 of 2nd period - Samuel Pahlsson wins face-off versus Jordan Staal in neutral zone.
16:30 of 2nd period - Samuel Pahlsson is hit by Chris Clark.
16:36 of 2nd period - Slapshot by Daniel Carcillo.
16:36 of 2nd period - Stopped by Ben Bishop with a rebound.
16:55 of 2nd period - Wrist shot by James Van Riemsdyk.
16:55 of 2nd period - Stopped by Ben Bishop with a rebound.
17:49 of 2nd period - Snap shot by Nick Johnson.
17:49 of 2nd period - Stopped by Ben Bishop with a rebound.
17:51 of 2nd period - Slapshot by Andy Greene.
17:51 of 2nd period - Stopped by Ben Bishop with a rebound.
18:09 of 2nd period - James Van Riemsdyk is hit by Kevin Montgomery and loses puck.
18:51 of 2nd period - Off-side.
18:52 of 2nd period - Samuel Pahlsson wins face-off versus Jordan Staal in neutral zone.
19:27 of 2nd period - Snap shot by T.J. Oshie.
19:27 of 2nd period - Deflect By James Van Riemsdyk.
19:27 of 2nd period - Shot Misses the Net.
19:27 of 2nd period - Puck is out of play.
19:28 of 2nd period - Samuel Pahlsson wins face-off versus Daniel Carcillo in Thunder zone.
3rd period
0:01 of 3rd period - Samuel Pahlsson wins face-off versus Jordan Staal in neutral zone.
0:01 of 3rd period - Ivan Novoseltsev is hit by Jordan Staal and loses puck.
0:06 of 3rd period - Slapshot by Doug Janik.
0:06 of 3rd period - Deflect By Wes O'Neill.
0:06 of 3rd period - Stopped by Jeremy Smith with a rebound.
0:08 of 3rd period - Snap shot by Scott Jackson.
0:08 of 3rd period - Shot Blocked by Chris Clark.
0:10 of 3rd period - Snap shot by Ryan Hollweg.
0:10 of 3rd period - Shot Misses the Net.
0:12 of 3rd period - Slapshot by Scott Jackson.
0:12 of 3rd period - Deflect By Ryan Hollweg.
0:12 of 3rd period - Stopped by Jeremy Smith without a rebound.
0:13 of 3rd period - Samuel Pahlsson wins face-off versus Jordan Staal in Atomiques zone.
1:21 of 3rd period - Backhand shot by Scott Jackson.
1:21 of 3rd period - Stopped by Jeremy Smith with a rebound.
1:23 of 3rd period - Snap shot by Robin Leblanc.
1:23 of 3rd period - Stopped by Jeremy Smith without a rebound.
1:24 of 3rd period - Jordan Staal wins face-off versus Brandon Mashinter in Atomiques zone.
1:48 of 3rd period - T.J. Oshie is hit by Scott Parse.
2:31 of 3rd period - Snap shot by Scott Parse.
2:31 of 3rd period - Deflect By Robin Leblanc.
2:31 of 3rd period - Stopped by Jeremy Smith with a rebound.
2:33 of 3rd period - Slapshot by Robin Leblanc.
2:33 of 3rd period - Shot Hit the Post.
2:35 of 3rd period - Slapshot by Robin Leblanc.
2:35 of 3rd period - Shot Misses the Net.
2:39 of 3rd period - Slapshot by Scott Parse.
2:39 of 3rd period - Shot Blocked by Wes O'Neill.
2:41 of 3rd period - Slapshot by Ray Macias.
2:41 of 3rd period - Goal by Ray Macias - Thunder : 7 - Atomiques : 2.
2:42 of 3rd period - Daniel Carcillo wins face-off versus Samuel Pahlsson in neutral zone.
3:14 of 3rd period - Snap shot by Brandon Dubinsky.
3:14 of 3rd period - Stopped by Jeremy Smith with a rebound.
5:05 of 3rd period - Wrist shot by John Zeiler.
5:05 of 3rd period - Deflect By Ray Macias.
5:05 of 3rd period - Shot Misses the Net.
5:05 of 3rd period - Puck is out of play.
5:06 of 3rd period - Jordan Staal wins face-off versus Samuel Pahlsson in Thunder zone.
5:09 of 3rd period - Slapshot by Mattias Ohlund.
5:09 of 3rd period - Stopped by Ben Bishop with a rebound.
5:35 of 3rd period - Off-side.
5:36 of 3rd period - Brandon Dubinsky wins face-off versus Boyd Gordon in neutral zone.
5:41 of 3rd period - Snap shot by Brandon Dubinsky.
5:41 of 3rd period - Goal by Brandon Dubinsky - Thunder : 8 - Atomiques : 2.
5:41 of 3rd period - Mike Brodeur enters game.
5:42 of 3rd period - Ivan Novoseltsev wins face-off versus Jordan Staal in neutral zone.
6:42 of 3rd period - Minor Penalty to Ray Macias for Hooking.
6:43 of 3rd period - Jordan Staal wins face-off versus Ryan Hollweg in Thunder zone.
7:08 of 3rd period - Snap shot by T.J. Oshie.
7:08 of 3rd period - Goal by T.J. Oshie - Thunder : 8 - Atomiques : 3.
7:09 of 3rd period - Jordan Staal wins face-off versus Brandon Dubinsky in neutral zone.
7:20 of 3rd period - Wrist shot by Daniel Carcillo.
7:20 of 3rd period - Shot Misses the Net.
7:22 of 3rd period - Snap shot by Jordan Staal.
7:22 of 3rd period - Shot Blocked by Scott Jackson.
7:24 of 3rd period - Snap shot by Daniel Carcillo.
7:24 of 3rd period - Shot Hit the Post.
7:36 of 3rd period - James Van Riemsdyk is hit by Ivan Novoseltsev.
7:42 of 3rd period - Slapshot by Brendon Nash.
7:42 of 3rd period - Stopped by Ben Bishop with a rebound.
8:16 of 3rd period - Icing by Brandon Mashinter.
8:17 of 3rd period - Jordan Staal wins face-off versus Jerred Smithson in Thunder zone.
8:22 of 3rd period - Snap shot by Jordan Staal.
8:22 of 3rd period - Deflect By Chris Clark.
8:22 of 3rd period - Shot Blocked by Pierre-Alexandre Parenteau.
8:22 of 3rd period - Puck is out of play.
8:23 of 3rd period - Jordan Staal wins face-off versus Jerred Smithson in Thunder zone.
8:49 of 3rd period - Chris Clark is hit by Dany Roussin and loses puck.
9:08 of 3rd period - Wrist shot by Daniel Carcillo.
9:08 of 3rd period - Stopped by Ben Bishop with a rebound.
9:10 of 3rd period - Slapshot by Jordan Staal.
9:10 of 3rd period - Goal by Jordan Staal - Thunder : 8 - Atomiques : 4.
9:11 of 3rd period - Boyd Gordon wins face-off versus Samuel Pahlsson in neutral zone.
9:14 of 3rd period - Slapshot by Wes O'Neill.
9:14 of 3rd period - Shot Misses the Net.
9:16 of 3rd period - Slapshot by James Van Riemsdyk.
9:16 of 3rd period - Goal by James Van Riemsdyk - Thunder : 8 - Atomiques : 5.
9:17 of 3rd period - Samuel Pahlsson wins face-off versus Jordan Staal in neutral zone.
9:26 of 3rd period - Snap shot by Ivan Novoseltsev.
9:26 of 3rd period - Shot Misses the Net.
9:28 of 3rd period - Backhand shot by Doug Janik.
9:28 of 3rd period - Stopped by Mike Brodeur with a rebound.
9:49 of 3rd period - Wrist shot by T.J. Oshie.
9:49 of 3rd period - Stopped by Ben Bishop without a rebound.
9:50 of 3rd period - Samuel Pahlsson wins face-off versus Boyd Gordon in Thunder zone.
10:05 of 3rd period - Snap shot by T.J. Oshie.
10:05 of 3rd period - Stopped by Ben Bishop without a rebound.
10:06 of 3rd period - Jordan Staal wins face-off versus Brandon Dubinsky in Thunder zone.
10:35 of 3rd period - Major Penalty to James Van Riemsdyk for Checking from behind.
10:36 of 3rd period - Samuel Pahlsson wins face-off versus Boyd Gordon in Atomiques zone.
10:47 of 3rd period - Snap shot by Ivan Novoseltsev.
10:47 of 3rd period - Stopped by Mike Brodeur without a rebound.
10:48 of 3rd period - Boyd Gordon wins face-off versus Samuel Pahlsson in Atomiques zone.
12:14 of 3rd period - Samuel Pahlsson is hit by John Zeiler.
12:36 of 3rd period - Ivan Novoseltsev is hit by Adam Pardy and loses puck.
13:59 of 3rd period - Pierre-Alexandre Parenteau is hit by Chris Clark and loses puck.
14:38 of 3rd period - Minor Penalty to Brendon Nash for Tripping.
14:39 of 3rd period - Samuel Pahlsson wins face-off versus Daniel Carcillo in Atomiques zone.
15:35 of 3rd period - Penalty to James Van Riemsdyk is over, James Van Riemsdyk is back on ice.
16:32 of 3rd period - Brandon Dubinsky is hit by John Zeiler and loses puck.
16:38 of 3rd period - Penalty to Brendon Nash is over, Brendon Nash is back on ice.
16:45 of 3rd period - Scott Jackson is hit by Brett Sutter and loses puck.
17:06 of 3rd period - Scott Jackson is hit by Chris Clark and loses puck.
18:06 of 3rd period - Slapshot by Brett Sutter.
18:06 of 3rd period - Stopped by Ben Bishop without a rebound.
18:07 of 3rd period - Brett Sutter wins face-off versus Brandon Dubinsky in Thunder zone.
18:58 of 3rd period - Slapshot by Dany Roussin.
18:58 of 3rd period - Goal by Dany Roussin - Thunder : 9 - Atomiques : 5.
18:59 of 3rd period - Jordan Staal wins face-off versus Samuel Pahlsson in neutral zone.
19:49 of 3rd period - Slapshot by Doug Janik.
19:49 of 3rd period - Shot Misses the Net.
19:57 of 3rd period - Slapshot by Mattias Ohlund.
19:57 of 3rd period - Stopped by Ben Bishop without a rebound.
19:58 of 3rd period - Samuel Pahlsson wins face-off versus Jordan Staal in Thunder zone.
Output by the SimonT Hockey Simulator (STHS) for François Prévost -- Original Page W3C XHTML 1.0 Valid